 Dungeon Crawl Stone Soup version 0.25-a0-471-g78e40d7af6 (webtiles) character file.

Game seed: 4028087966700203810, levelgen mode: deterministic

343 MrRokkomies the Chiller (level 6, -1/41 HPs)
             Began as a Vampire Ice Elementalist on Feb 6, 2020.
             Was an Initiate of Gozag.
             Killed from afar by an orc wizard (9 damage)
             ... with a magic dart
             ... on level 4 of the Dungeon.
             The game lasted 00:07:42 (3382 turns).

MrRokkomies the Chiller (Vampire Ice Elementalist)  Turns: 3382, Time: 00:07:44

Health: -1/41      AC:  3    Str:  9    XL:     6   Next: 31%
Magic:  6/9        EV: 14    Int: 18    God:    Gozag
Gold:   147        SH:  0    Dex: 14    Spells: 2/9 levels left

rFire    . . .     SeeInvis +   j - -1 hand axe (curse)
rCold    . . .     Gourm    .   (no shield)
rNeg     . . .     Faith    .   e - +0 robe (curse)
rPois    .         Spirit   .   (no helmet)
rElec    .         Reflect  .   v - +0 cloak
rCorr    .         Harm     .   (no gloves)
MR       .....                  (no boots)
Stlth    +++.......             (no amulet)
HPRegen  0.33/turn              (no ring)
MPRegen  0.11/turn              (no ring)

@: regenerating quickly
A: no food, fangs 3, see invisible, unbreathing
a: Exsanguinate, Potion Petition, Call Merchant, Bribe Branch, Renounce Religion


You were on level 4 of the Dungeon.
You worshipped Gozag.
Gozag was aware of your devotion.
You were alive.

You visited 2 branches of the dungeon, and saw 5 of its levels.

You collected 217 gold pieces.
You paid 70 gold pieces to Gozag.

Inventory:

Hand Weapons
 f - a +0 whip
 g - a +0 falchion
 j - a cursed -1 hand axe (weapon)
 n - a cursed +0 whip
 p - a +0 hunting sling
 w - a +1 dagger of venom
Missiles
 b - a throwing net
 c - 52 bolts
 d - 43 arrows
 k - 25 poisoned darts (quivered)
 q - 19 sling bullets
 s - 20 stones
 t - 2 javelins
Armour
 a - a +0 robe
 e - a cursed +0 robe (worn)
 v - a +0 cloak (worn)
Potions
 h - a potion of curing
 i - a potion of cancellation
 l - a potion of brilliance
 m - a potion of might {unknown}
 o - a potion of heal wounds {unknown}
 r - a potion of berserk rage {unknown}
 u - a potion of degeneration {unknown}


   Skills:
 + Level 4.1 Dodging
 - Level 5.1 Stealth
 - Level 2.0 Spellcasting
 + Level 1.9 Charms
 * Level 6.0 Ice Magic


You had 2 spell levels left.
You knew the following spells:

 Your Spells              Type           Power        Failure   Level  Hunger
a - Freeze                Ice            ###.         1%          1    N/A
b - Frozen Ramparts       Ice            ###...       4%          3    N/A
c - Ozocubu's Armour      Chrm/Ice       ###.....     11%         3    N/A

Your spell library contained the following spells:

 Spells                   Type           Power        Failure   Level  Hunger
 Hailstorm                Conj/Ice       ##......     45%         4    N/A
 Summon Ice Beast         Ice/Summ       ##......     45%         4    N/A

Dungeon Overview and Level Annotations

Branches:
Dungeon (4/15)             Temple (1/1) D:4

Altars:
Ashenzari
Fedhas
Gozag
Makhleb
Nemelex Xobeh
Sif Muna
Uskayaw
Vehumet
Wu Jian
Xom
Yredelemnul


Innate Abilities, Weirdness & Mutations

You do not eat.
Your natural rate of healing is unusually fast.
You have razor-sharp teeth.
You have supernaturally acute eyesight. (SInv)
You can survive without breathing.


Message History

Aim: a centaur, quivering 18 arrows (moderately wounded)
You freeze the centaur.
The centaur is heavily wounded.
The orc wizard barely misses you.
The orc wizard gestures wildly while chanting.
The orc wizard blinks!
The centaur misses you.
Casting: Freeze (safe; 1% risk of failure)
Confirm with . or Enter, or press ? or * to list all spells.
Aiming: Freeze (safe; 1% risk of failure)
Press: ? - help, Shift-Dir - straight line, f/p - centaur
Aim: a centaur, quivering 18 arrows (heavily wounded)
You freeze the centaur.
The centaur is severely wounded.
The centaur hits you.
* * * LOW HITPOINT WARNING * * *
The orc wizard hits you but does no damage.
The orc wizard gestures at you while chanting.
The magic dart hits you!
You die...
Your body crumbles into a pile of gold.

#......##...## ...
##.#......#..##..#
##.#......#.(.(..#
#........###......
............(.....
........#.....#..
......###..>..#
.#..#...#....o#..
#.......@.)......
#......co###......
.#....... ..#..#
#....#..# ..# ..
......#... .# #
........... .#
###.. #.##. #..
... ..


You could see a centaur and 2 orc wizards.

Vanquished Creatures
  2 orc priests
  A centaur skeleton (D:3)
  4 orc wizards
  5 adders
  An ooze (D:3)
  A worm (D:2)
  3 dart slugs
  3 leopard geckos
  12 orcs
  5 bats
  2 giant cockroaches
  7 goblins
  6 hobgoblins
  8 jackals
  9 kobolds
  3 quokkas
  3 frilled lizards
  3 rats (D:1)
78 creatures vanquished.

Notes
Turn   | Place    | Note
-------+----------+-------------------------------------------
     0 | D:1      | MrRokkomies the Vampire Ice Elementalist began the quest
                  | for the Orb.
     0 | D:1      | Reached XP level 1. HP: 13/13 MP: 3/3
   122 | D:1      | Reached XP level 2. HP: 19/19 MP: 0/5
   714 | D:1      | Reached XP level 3. HP: 22/24 MP: 4/6
  1142 | D:2      | Learned a level 3 spell: Frozen Ramparts
  1312 | D:2      | Reached skill level 5 in Ice Magic
  1312 | D:2      | Reached XP level 4. HP: 25/30 MP: 0/7
  1705 | D:2      | Found a sparkling altar of Nemelex Xobeh.
  2118 | D:3      | Learned a level 3 spell: Ozocubu's Armour
  2330 | D:3      | Reached XP level 5. HP: 34/35 MP: 8/8
  2454 | D:3      | Reached skill level 5 in Stealth
  2504 | D:3      | Reached skill level 1 in Charms
  3058 | D:4      | Reached XP level 6. HP: 41/41 MP: 5/9
  3066 | D:4      | Reached skill level 6 in Ice Magic
  3130 | D:4      | Found a staircase to the Ecumenical Temple.
  3140 | Temple   | Entered the Ecumenical Temple
  3205 | Temple   | Became a worshipper of Gozag Ym Sagoz the Greedy
  3382 | D:4      | Killed from afar by an orc wizard

Levels and vault maps discovered:
D:1:      minmay_arrival_shattered_statue, layout_basic, minmay_pentomino_x2
D:2:      layout_loops_ring, lemuel_doored_altar
D:3:      layout_loops_ring, first_ration
D:4:      layout_basic, minitemple, minmay_temple_entry_tees
Temple:   cyrus_temple_forest

Skill      XL: |  1  2  3  4  5  6 |
---------------+-------------------+-----
Stealth        | 4 5 |  5.1
Dodging        | 3 4 |  4.1
Ice Magic      | 5 6 |  6.0
Charms         | 1 |  1.9
Spellcasting   | |  2.0

Action                   |  1- 3 |  4- 6 || total
-------------------------+-------+-------++-------
Melee: Unarmed           |     8 |       ||     8
       Whip              |    41 |       ||    41
       Bite              |     7 |    13 ||    20
       Hand axe          |    29 |   125 ||   154
 Cast: Freeze            |    35 |    16 ||    51
       Frozen Ramparts   |     1 |     6 ||     7
  Use: Scroll            |     2 |     4 ||     6
 Stab: Sleeping          |     3 |     8 ||    11
Armor: Robe              |    13 |    30 ||    43
Dodge: Dodged            |    79 |   130 ||   209

Table legend:
 A = Non-vault XP
 B = Vault XP
 C = Vault XP percentage of total XP
 D = Non-vault monster count
 E = Vault monster count
 F = Vault count percentage of total count
                 A         B        C        D         E       F
            +---------+---------+-------+---------+---------+-------
      Total |     489 |       2 |   0.4 |      77 |       1 |   1.3
            +---------+---------+-------+---------+---------+-------
        D:1 |      49 |       2 |   3.9 |      25 |       1 |   3.8
        D:2 |     119 |       0 |   0.0 |      23 |       0 |   0.0
        D:3 |     175 |       0 |   0.0 |      20 |       0 |   0.0
        D:4 |     138 |       0 |   0.0 |       6 |       0 |   0.0
     Temple |       8 |       0 |   0.0 |       3 |       0 |   0.0
            +---------+---------+-------+---------+---------+-------
